Map: Lightshade LE

Players

ViBE - Winner!

  • Race: Terran Terran
  • League: Diamond

QuatzalInca

  • Race: Zerg Zerg
  • League: Platinum

VOD

Have the link to the VOD?

Description

Time

  • Played on: April 7, 2021, 7:30 p.m.
  • Length: 17:47
Show
View Real Time Build Order
Export as new Build Order

ViBE Terran - Winner!

Build Orders:  

Get SALT Encoding   

  12  0:00  SCV  
  13  0:12  SCV  
  14  0:17  Supply Depot  
  14  0:25  SCV  
  15  0:39  SCV  
  15  0:40  Barracks  
  16  0:45  Refinery  
  16  0:51  SCV  
  17  1:03  SCV  
  18  1:15  SCV  
  19  1:28  Orbital Command  
  19  1:29  Marine  
  20  1:38  Command Center  
  20  1:47  Marine  
  20  1:50  Supply Depot  
  21  1:55  SCV  
  22  2:06  Factory  
  22  2:09  SCV  
  23  2:21  Barracks Reactor, SCV  
  24  2:33  SCV  
  25  2:45  SCV  
  25  2:48  Refinery  
  26  2:52  Barracks, Factory Tech Lab  
  26  2:56  Orbital Command  
  26  3:04  SCV  
  26  3:17  SCV  
  26  3:18  Marine x2, Supply Depot, Siege Tank  
  31  3:24  SCV  
  32  3:29  SCV  
  33  3:36  SCV  
  33  3:39  Marine x2  
  33  3:40  Barracks Tech Lab  
  33  3:41  SCV, Supply Depot  
  37  3:43  Starport  
  37  3:48  SCV  
  37  3:55  Siege Tank  
  41  3:58  SCV  
  41  4:00  SCV  
  43  4:04  Supply Depot  
  43  4:06  Marine x3  
  46  4:10  SCV  
  46  4:13  SCV  
  48  4:21  Starport Reactor  
  48  4:22  SCV, Stimpack  
  49  4:25  SCV  
  49  4:26  Marine  
  49  4:27  Marine x2, Supply Depot  
  53  4:35  SCV  
  53  4:37  SCV  
  55  4:44  Marine x3, Siege Tank  
  61  4:47  SCV  
  61  4:49  SCV  
  61  4:50  Supply Depot  
  63  4:53  Command Center  
  63  4:59  SCV  
  64  5:01  SCV  
  65  5:07  Refinery  
  65  5:09  Refinery, Marine  
  65  5:10  Marine x2  
  65  5:11  SCV  
  65  5:13  SCV  
  70  5:23  SCV  
  70  5:25  SCV  
  70  5:27  Marine x2, Medivac x2  
  70  5:28  Marine  
  79  5:35  SCV, Engineering Bay  
  80  5:37  SCV, Engineering Bay  
  80  5:40  Supply Depot  
  80  5:42  Supply Depot x2  
  81  5:45  Marine x2  
  81  5:46  Marine  
  84  5:52  SCV x2  
  86  6:03  Marine x3  
  89  6:04  SCV  
  89  6:06  Barracks  
  89  6:07  Barracks  
  89  6:09  Orbital Command  
  90  6:19  SCV x2  
  92  6:35  SCV x3  
  92  6:38  Marine x2  
  92  6:39  Marine  
  98  6:40  Medivac x2  
  98  6:42  Terran Infantry Armor Level 1, Terran Infantry Weapons Level 1  
  98  6:46  Armory  
  102  6:47  SCV x3  
  102  6:51  Supply Depot x3  
  105  6:54  Barracks Reactor  
  105  6:55  Barracks Reactor  
  105  6:58  Barracks  
  105  7:00  Barracks  
  105  7:02  Orbital Command  
  105  7:08  SCV x2  
  107  7:20  Marine, SCV x2, Command Center  
  110  7:23  Marine  
  110  7:24  Marine  
  112  7:31  SCV  
  112  7:32  SCV x2  
  112  7:36  Terran Vehicle Weapons Level 1  
  115  7:43  SCV  
  116  7:44  SCV  
  116  7:49  Marine  
  116  7:50  Barracks Reactor x2  
  118  7:54  Barracks  
  118  7:55  Barracks  
  110  8:00  Marine x6  
  110  8:01  Thor  
  110  8:02  Medivac x2  
  126  8:07  Marine  
  126  8:10  SCV x2  
  122  8:12  SCV  
  122  8:13  Refinery x2  
  122  8:18  Marine x6  
  126  8:22  SCV x2  
  126  8:23  Missile Turret x3  
  126  8:26  Missile Turret  
  128  8:33  SCV  
  129  8:34  SCV x2  
  129  8:40  Marine  
  129  8:41  Marine x10  
  134  8:44  Thor  
  134  8:45  SCV, Medivac x2  
  153  8:50  Command Center  
  151  8:58  Marine, SCV x3  
  151  8:59  Marine  
  151  9:00  Marine x8  
  151  9:02  Barracks Reactor x2  
  164  9:04  Combat Shield  
  164  9:12  Terran Infantry Armor Level 2, Terran Infantry Weapons Level 2  
  164  9:17  Planetary Fortress  
  164  9:33  Supply Depot  
  164  9:34  Supply Depot x2  
  164  9:39  Marine, SCV x3  
  164  9:40  Marine x12  
  180  9:47  Thor  
  180  9:48  Thor  
  180  9:54  Marine, SCV x2  
  183  10:01  Thor, Medivac  
  183  10:02  Marine x7, Medivac  
  200  10:21  Terran Vehicle Weapons Level 2  
  200  10:28  Command Center  
  197  10:30  Missile Turret  
  197  10:32  Missile Turret x2  
  197  10:33  Missile Turret  
  197  10:35  Missile Turret  
  192  10:39  Missile Turret  
  192  10:40  Missile Turret  
  192  10:41  Marine x3  
  192  10:42  Marine x4  
  197  10:43  Missile Turret  
  197  10:48  SCV x5  
  189  11:00  SCV x5  
  194  11:12  Missile Turret x2  
  194  11:13  Planetary Fortress  
  194  11:15  SCV x3, Missile Turret  
  194  11:16  SCV  
  198  11:24  Missile Turret  
  198  11:25  Missile Turret x2  
  198  11:34  Terran Infantry Armor Level 3, Terran Infantry Weapons Level 3  
  198  11:41  Missile Turret  
  147  11:47  Marine  
  147  11:48  Marine x14  
  147  11:49  Thor  
  147  11:50  Medivac  
  147  11:52  Medivac  
  161  12:01  Missile Turret  
  161  12:11  Marine x15  
  161  12:13  SCV  
  177  12:16  Planetary Fortress  
  177  12:20  Medivac  
  177  12:21  Missile Turret  
  179  12:24  Factory  
  179  12:25  Barracks, Starport  
  179  12:26  Barracks  
  179  12:28  Marine, Barracks  
  179  12:29  Marine  
  181  12:30  Barracks  
  181  12:37  Terran Vehicle And Ship Armor Level 1  
  181  12:44  Marine x13  
  168  12:45  Thor  
  168  12:46  Marine  
  168  12:47  Marine  
  168  12:50  Barracks  
  188  12:53  Barracks x2  
  188  12:54  Barracks  
  188  12:56  Barracks  
  188  12:57  Barracks  
  188  13:06  Marine x12  
  200  13:17  Factory Tech Lab  
  200  13:19  Starport Reactor  
  200  13:21  Barracks Tech Lab x2  
  200  13:22  Barracks Tech Lab x2  
  200  13:54  Concussive Shells  
  200  13:56  Barracks Reactor  
  200  13:57  Barracks Reactor x4  
  200  14:11  Neosteel Armor, Hi-Sec Auto Tracking  
  195  14:26  Thor  
  195  14:29  SCV x2  
  195  14:30  Medivac  
  194  14:31  Terran Vehicle Weapons Level 3  
  194  14:35  Medivac x3  
  194  14:36  Thor  
  194  14:37  Marine x12, Marauder x5  
  194  14:38  Marine x4  
  200  14:58  Marauder  
  179  15:04  Marine x17  
  179  15:05  Marine x2  
  179  15:06  Marine x3  
  200  15:08  Command Center  
  199  15:33  Marine, Marauder  
  199  15:34  Marine x3, Marauder x4  
  200  15:55  Marauder  
  198  15:59  Marine, Marauder x2  
  190  16:14  Marine, Marauder  
  190  16:15  Marine x10, Marauder  
  190  16:18  SCV x5  
  198  16:23  Missile Turret  
  197  16:28  Planetary Fortress  
  197  16:30  SCV, Marauder  
  197  16:31  Marauder x2  
  200  16:35  Command Center  
  200  16:37  Marine  
  200  16:42  Missile Turret  
  178  16:59  Command Center  
  166  17:02  Missile Turret  
  166  17:05  SCV x6  
  166  17:06  Barracks  
  166  17:07  Marine x12, Barracks x2, Marauder x5  
  166  17:08  Marine x4  
  196  17:10  Barracks  
  196  17:17  SCV x4  
Show
View Real Time Build Order
Export as new Build Order

QuatzalInca Zerg 

Build Orders: Hatch First, Muta Ling Bane 

Get SALT Encoding   

  12  0:05  Drone  
  13  0:10  Drone  
  14  0:18  Overlord  
  14  0:26  Overlord  
  14  0:37  Drone  
  14  0:38  Drone  
  16  0:53  Drone  
  17  1:03  Hatchery  
  16  1:11  Drone  
  17  1:19  Spawning Pool  
  16  1:45  Drone x2  
  18  1:48  Extractor  
  18  1:50  Drone  
  18  2:00  Drone  
  19  2:05  Queen  
  19  2:08  Zergling x2  
  22  2:17  Queen, Drone  
  22  2:18  Zergling x2  
  26  2:27  Overlord  
  26  2:30  Drone  
  27  2:41  Drone x2  
  27  2:44  Queen  
  29  2:50  Metabolic Boost  
  31  2:58  Queen  
  31  3:00  Drone x3  
  35  3:17  Drone x4  
  38  3:27  Roach Warren  
  38  3:34  Drone x5, Pneumatized Carapace  
  39  3:39  Extractor  
  41  3:46  Drone  
  41  3:47  Drone x2  
  44  3:50  Overlord  
  44  3:59  Extractor  
  44  4:00  Zergling x2  
  44  4:06  Overlord  
  44  4:08  Overlord  
  44  4:10  Zergling x6  
  44  4:11  Zergling x4  
  49  4:24  Zergling x4  
  49  4:25  Zergling x4  
  53  4:41  Lair  
  53  4:42  Evolution Chamber  
  50  4:52  Drone x3  
  53  4:55  Extractor  
  52  5:07  Spore Crawler, Hatchery  
  50  5:14  Zerg Missile Weapons Level 1  
  50  5:17  Drone x3  
  53  5:22  Evolution Chamber  
  53  5:24  Drone x4  
  56  5:33  Hatchery  
  55  5:39  Overlord  
  55  5:45  Overlord  
  55  5:53  Drone x2  
  55  5:54  Drone  
  58  6:05  Glial Reconstitution  
  58  6:21  Baneling Nest  
  58  6:22  Zerg Melee Weapons Level 1  
  58  6:23  Zergling x8  
  57  6:41  Zergling x2  
  58  6:50  Drone x5  
  58  6:51  Drone x4  
  67  6:58  Overlord x3  
  67  7:05  Zergling x6  
  70  7:09  Zerg Ground Armor Level 1  
  70  7:13  Overseer  
  70  7:15  Drone  
  71  7:19  Centrifical Hooks  
  71  7:22  Baneling  
  71  7:23  Baneling x9  
  71  7:25  Baneling x6  
  69  7:45  Zergling x6  
  69  7:46  Zergling x10  
  69  7:50  Spire  
  66  8:00  Drone x3  
  69  8:05  Extractor  
  63  8:25  Spore Crawler  
  62  8:28  Drone  
  62  8:29  Drone x2  
  62  8:30  Drone x3  
  68  8:42  Spore Crawler  
  68  8:44  Zerg Melee Weapons Level 2  
  67  8:50  Overseer  
  67  8:56  Drone x4  
  67  9:02  Zergling x20  
  81  9:03  Mutalisk x2  
  81  9:04  Mutalisk x4  
  81  9:06  Zerg Flyer Weapons Level 1  
  93  9:11  Zerg Ground Armor Level 2  
  93  9:14  Extractor  
  92  9:39  Drone x2  
  92  9:40  Mutalisk x6  
  92  9:41  Spore Crawler  
  92  9:42  Spore Crawler, Zergling x2  
  92  9:43  Zergling x8  
  109  10:07  Hatchery  
  109  10:10  Hatchery  
  109  10:11  Baneling  
  109  10:12  Baneling x9  
  107  10:19  Overlord x4  
  107  10:22  Baneling x4  
  99  10:45  Zergling x12  
  99  10:47  Baneling x7  
  99  10:48  Baneling x3  
  101  11:01  Mutalisk x4  
  107  11:05  Infestation Pit  
  100  11:19  Drone  
  100  11:20  Drone x9  
  83  11:48  Zergling x24  
  77  12:07  Baneling  
  77  12:08  Baneling x9  
  77  12:10  Roach  
  77  12:11  Roach x6  
  91  12:17  Hive  
  84  12:43  Zergling x6  
  84  12:44  Zergling x18  
  91  12:45  Mutalisk x2  
  91  12:46  Mutalisk x5  
  105  12:52  Extractor x2  
  105  12:54  Spine Crawler x2  
  105  12:55  Spine Crawler  
  100  13:10  Baneling x5, Hatchery  
  99  13:18  Drone x2  
  99  13:19  Drone  
  102  13:33  Drone  
  103  13:39  Adrenal Glands  
  103  13:43  Zerg Ground Armor Level 3, Ultralisk Cavern  
  102  13:52  Overseer x2  
  102  14:14  Baneling  
  102  14:15  Baneling x17  
  102  14:16  Baneling  
  102  14:17  Zergling x2  
  102  14:18  Zergling x16  
  73  14:36  Ultralisk  
  83  14:39  Baneling  
  83  14:40  Baneling x9  
  83  14:42  Zergling x2, Baneling x3  
  83  14:43  Zergling x4  
  83  14:44  Ultralisk  
  83  14:45  Ultralisk  
  64  15:08  Ultralisk x3  
  64  15:09  Zergling x2  
  64  15:10  Zergling x28  
  82  15:39  Zergling x2  
  82  15:40  Zergling x22  
  88  15:58  Zergling x6  
  86  16:12  Zergling x12  
  86  16:13  Zergling x4  
  82  16:33  Baneling  
  82  16:35  Baneling  
  82  16:36  Baneling x9  
  51  16:54  Zergling x14  
  51  16:55  Zergling x4  
  51  16:56  Zergling x2  
  25  17:16  Baneling x7  
  25  17:17  Baneling  
Tags
 
Add a new tag
Caveats
  • Supply blocks, unpowered buildings, or Contaminate may cause inaccurate times.
  • Supply counts are checked every 10 seconds.